 Dungeon Crawl Stone Soup version 0.24-a0-415-g6d73c25 (webtiles) character file.

Game seed: 6464267258961883355

26 torgal the Chucker (level 2, 0/24 HPs)
             Began as a Centaur Hunter on June 8, 2019.
             Slain by a worm (7 damage)
             ... on level 2 of the Dungeon.
             The game lasted 00:04:32 (626 turns).

torgal the Chucker (Centaur Hunter)                  Turns: 626, Time: 00:04:33

Health: 0/24       AC:  8    Str: 14    XL:     2   Next: 89%
Magic:  2/2        EV:  1    Int: 10    God:
Gold:   73         SH:  0    Dex:  9    Spells: 1/1 levels left

rFire    . . .     SeeInvis .   a - +0 short sword
rCold    + . .     Gourm    .   (no shield)
rNeg     . . .     Faith    .   j - +0 plate armour
rPois    .         Spirit   .   (no helmet)
rElec    .         Reflect  .   (no cloak)
rCorr    .         Harm     .   (no gloves)
MR       .....                  (no barding)
Stlth    ..........             (no amulet)
HPRegen  0.08/turn              h - ring of protection from cold
MPRegen  0.08/turn              (no ring)

@: very quick
A: large, hooves 3, deformed body, speed 2, tough skin 3
a: no special abilities


You were on level 2 of the Dungeon.
You were not hungry.

You visited 1 branch of the dungeon, and saw 2 of its levels.

You collected 73 gold pieces.

Inventory:

Hand Weapons
 a - a +0 short sword (weapon)
Missiles
 d - a throwing net
 e - 15 arrows
 g - 4 stones
 l - 7 poisoned darts
 m - a javelin (quivered)
Armour
 b - a +0 leather armour
 j - a +0 plate armour (worn)
Jewellery
 c - a cursed -2 ring of slaying
 h - a ring of protection from cold (left hand)
Potions
 i - a potion of cancellation {unknown}
 k - a potion of magic {unknown}
Comestibles
 f - a ration


   Skills:
 + Level 2.0 Fighting
 + Level 0.4 Short Blades
 + Level 5.2 Throwing
 + Level 0.2 Armour
 + Level 1.3 Dodging
 + Level 0.4 Stealth


You had one spell level left.
You didn't know any spells.
Your spell library was empty.

Dungeon Overview and Level Annotations

Branches:
Dungeon (1/15)

Altars:


Innate Abilities, Weirdness & Mutations

You have hooves in place of feet.
Armour fits poorly on your strangely shaped body.
You cover ground very quickly.
You have extremely tough skin. (AC +3)


Message History

You see here a scroll of identify.
n - a scroll of identify
As you read the scroll of identify, it crumbles to dust.
c - a cursed -2 ring of slaying The kobold hits you with a +0 dagger.
* * * LOW HITPOINT WARNING * * *
You closely miss the kobold. You kick the kobold, but do no damage.
The kobold hits you but does no damage. x2
You hit the worm.
The worm is moderately wounded.
The worm bites you but does no damage. The kobold hits you but does no damage.
You closely miss the kobold. Your kick misses the kobold.
The kobold hits you but does no damage.
You closely miss the kobold. You kick the kobold.
You kill the kobold!
The worm barely misses you.
You barely miss the worm.
The worm is lightly wounded.
The worm bites you!
You die...

#...(.....(.......
#...††............
#...†.............
#####).......?..#
#...........#
#.....†.....#
#...........#
#.........w.#
#..(......)@#
#.[.........#
#############


You could see a worm.

Vanquished Creatures
  A leopard gecko (D:2)
  3 bats (D:1)
  3 giant cockroaches
  4 hobgoblins (D:1)
  5 kobolds
  3 frilled lizards (D:1)
  A goblin (D:1)
  4 rats
24 creatures vanquished.

Notes
Turn   | Place    | Note
-------+----------+-------------------------------------------
     0 | D:1      | torgal the Centaur Hunter began the quest for the Orb.
     0 | D:1      | Reached XP level 1. HP: 17/17 MP: 1/1
   226 | D:1      | Reached XP level 2. HP: 24/24 MP: 2/2
   362 | D:1      | Reached skill level 5 in Throwing
   567 | D:1      | You fall into a shaft and drop 1 floor!
   626 | D:2      | Slain by a worm

Levels and vault maps discovered:
D:1:      sevenhm_arrival_forest_fort_large_1, layout_basic
D:2:      layout_basic, corexii_corridor_pit

Skill      XL: |  1  2 |
---------------+-------+-----
Throwing       | 5 |  5.2
Fighting       | |  2.0
Short Blades   | |  0.4
Armour         | |  0.2
Dodging        | |  1.3
Stealth        | |  0.4

Action                   || total
-------------------------++-------
Melee: Short sword       ||    53
       Kick              ||    10
Throw: Javelin           ||    32
       Throwing net      ||     1
  Use: Scroll            ||     2
Armor: Leather armour    ||     2
       Plate armour      ||    71
Dodge: Dodged            ||     4

Table legend:
 A = Non-vault XP
 B = Vault XP
 C = Vault XP percentage of total XP
 D = Non-vault monster count
 E = Vault monster count
 F = Vault count percentage of total count
                 A         B        C        D         E       F
            +---------+---------+-------+---------+---------+-------
      Total |      35 |       3 |   7.9 |      21 |       3 |  12.5
            +---------+---------+-------+---------+---------+-------
        D:1 |      24 |       3 |  11.1 |      15 |       3 |  16.7
        D:2 |      11 |       0 |   0.0 |       6 |       0 |   0.0
            +---------+---------+-------+---------+---------+-------
